 Dungeon Crawl Stone Soup version 0.22-a0-815-gb582571 (webtiles) character file.

5 Amnesiac the Magician (level 1, -3/13 HPs)
             Began as a Mummy Earth Elementalist on July 23, 2018.
             Slain by Jessica
             ... wielding a +0 dagger
              (5 damage)
             ... on level 3 of the Dungeon.
             The game lasted 00:01:40 (247 turns).

Amnesiac the Magician (Mummy Earth Elementalist)     Turns: 247, Time: 00:01:41

Health: -3/13      AC:  2    Str: 11    XL:     1   Next: 66%
Magic:  0/4        EV: 12    Int: 14    God:
Gold:   0          SH:  0    Dex: 12    Spells: 4/5 levels left

rFire    x . .     SeeInvis .   (no weapon)
rCold    + . .     Gourm    .   (no shield)
rNeg     + + +     Faith    .   c - +0 robe
rPois    ∞         Spirit   .   (no helmet)
rElec    .         Reflect  .   (no cloak)
rCorr    .         Harm     .   (no gloves)
MR       .....                  (no boots)
Stlth    ++........             d - amulet of inaccuracy (curse)
HPRegen  0.04/turn              (no ring)
MPRegen  0.09/turn              (no ring)

@: very slightly contaminated
A: no food or potions, fire vulnerability, cold resistance 1, negative energy
resistance 3, torment resistance, unbreathing
a: no special abilities


You were on level 3 of the Dungeon.
You were not hungry.

You visited 1 branch of the dungeon, and saw 3 of its levels.

Inventory:

Missiles
 a - a tomahawk (quivered)
 b - 26 stones
Armour
 c - a +0 robe (worn)
Jewellery
 d - a cursed amulet of inaccuracy (around neck)


   Skills:
 - Level 1.5 Dodging
 - Level 1.5 Stealth
 + Level 2.7 Spellcasting
   Level 0.7 Transmutations
 * Level 2.7 Earth Magic


You had 4 spell levels left.
You knew the following spells:

 Your Spells              Type           Power        Failure   Level  Hunger
a - Sandblast             Erth           #.....       7%          1    N/A

Your spell library contained the following spells:

 Spells                   Type           Power        Failure   Level  Hunger
 Stone Arrow              Conj/Erth      #.....       36%         3    N/A
 Passwall                 Tmut/Erth      #.......     16%         2    N/A
 Lee's Rapid Deconstruct  Erth           #.........   89%         5    N/A
 Petrify                  Tmut/Erth      #.......     71%         4    N/A

Dungeon Overview and Level Annotations

Branches:
Dungeon (3/15)

Altars:

Annotations:
D:2 Sigmund
D:3 Jessica


Innate Abilities, Weirdness & Mutations

You do not eat or drink.
Your flesh is vulnerable to fire.
You are immune to poison.
Your flesh is cold resistant. (rC+)
You are immune to negative energy. (rN+++)
You are immune to unholy pain and torment.
You can survive without breathing.


Message History

Aiming: Sandblast (safe; 7% risk of failure)
Press: ? - help, Shift-Dir - straight line, f/p - Jessica
Aim: Jessica, wielding a dagger and wearing a robe (heavily wounded, unusually agile)
You miscast Sandblast.
You are very lightly contaminated with residual magic.
Nothing appears to happen.
Jessica misses you.
Casting: Sandblast (safe; 7% risk of failure)
Confirm with . or Enter, or press ? or * to list all spells.
Aiming: Sandblast (safe; 7% risk of failure)
Press: ? - help, Shift-Dir - straight line, f/p - Jessica
Aim: Jessica, wielding a dagger and wearing a robe (heavily wounded, unusually agile)
The blast of sand hits Jessica.
Jessica is severely wounded.
b - 26 stones Jessica hits you with a dagger!
Ouch! That really hurt!
* * * LOW HITPOINT WARNING * * *
Jessica barely misses you.
You climb downwards.
A quokka and a kobold come into view.
There is a stone staircase leading up here.
Casting: Sandblast (safe; 7% risk of failure)
Confirm with . or Enter, or press ? or * to list all spells.
Aiming: Sandblast (safe; 7% risk of failure)
Press: ? - help, Shift-Dir - straight line, f - Jessica
Aim: Jessica, wielding a dagger and wearing a robe (severely wounded, unusually agile)
You miscast Sandblast.
The floor shifts beneath you alarmingly!
The kobold shouts!
The quokka misses you. Jessica hits you with a dagger.
* * * LOW HITPOINT WARNING * * *
Unknown command.
You closely miss Jessica.
Jessica is severely wounded.
The quokka bites you but does no damage.
Jessica gestures wildly.
Jessica barely misses you.
Unknown command.
Unknown command.
Wield which item (- for none, * to show all)? (? for menu, Esc to quit)
Okay, then.
Throwing (i - inventory. (/) - cycle)
a - 3 tomahawks (quivered)
Press: ? - help, Shift-Dir - straight line, f/p - Jessica
Aim: Jessica, wielding a dagger and wearing a robe (severely wounded, unusually agile)
You throw a tomahawk. The tomahawk misses Jessica.
The quokka closely misses you. Jessica barely misses you. The quokka bites you.
* * * LOW HITPOINT WARNING * * *
Jessica barely misses you.
Put on which piece of jewellery? (? for menu, Esc to quit)
Okay, then.
The quokka barely misses you.
Put on which piece of jewellery? (? for menu, Esc to quit)
You don't have any such object.
Put on which piece of jewellery? (? for menu, Esc to quit)
Oops, that amulet feels deathly cold.
d - a cursed amulet of inaccuracy (around neck)
The quokka bites you but does no damage.
Throwing (i - inventory. (/) - cycle)
a - 2 tomahawks (quivered)
Press: ? - help, Shift-Dir - straight line, f/p - Jessica
Aim: Jessica, wielding a dagger and wearing a robe (severely wounded, unusually agile)
You throw a tomahawk. The tomahawk barely misses Jessica.
The tomahawk closely misses the kobold.
Jessica misses you. The quokka misses you. Jessica hits you with a dagger.
You die...

.......
.......
.......
.......
......$###
.......<.###
#######K...#
#@r..#
#@...#
######


You could see Jessica, a quokka and a kobold.

Vanquished Creatures
  A giant cockroach (D:1)
  A goblin (D:1)
  A bat (D:2)
  2 frilled lizards
  A rat (D:1)
6 creatures vanquished.

Notes
Turn   | Place    | Note
-------+----------+-------------------------------------------
     0 | D:1      | Amnesiac the Mummy Earth Elementalist began the quest for the Orb.
     0 | D:1      | Reached XP level 1. HP: 13/13 MP: 4/4
   185 | D:1      | You fall through a shaft!
   191 | D:2      | Noticed Jessica
   196 | D:2      | Noticed Sigmund
   247 | D:3      | Slain by Jessica

Vault maps used:
D:1:      scummos_arrival_forest
D:2:      cheibrodos_old_hovel, okawaru_gym_becter, first_ration, uniq_jessica,
          uniq_sigmund

Action                   || total
-------------------------++-------
Melee: Unarmed           ||     1
Throw: Tomahawk          ||    10
 Cast: Sandblast         ||     4
  Use: Scroll            ||     1
Armor: Robe              ||     2
Dodge: Dodged            ||    10

Table legend:
 A = Spawn XP
 B = Non-spawn XP
 C = Spawn XP percentage of total XP
 D = Spawn monster count
 E = Non-spawn monster count
 F = Spawn count percentage of total count
 G = Total turns spent on level
                    A         B        C        D         E        F      G
               +---------+---------+-------+---------+---------+-------+---------
         Total |       0 |       8 |   0.0 |       0 |       6 |   0.0 |   247
               +---------+---------+-------+---------+---------+-------+---------
           D:1 |       0 |       6 |   0.0 |       0 |       4 |   0.0 |   185
           D:2 |       0 |       2 |   0.0 |       0 |       2 |   0.0 |    54
               +---------+---------+-------+---------+---------+-------+---------
